 Dungeon Crawl Stone Soup version 0.18.1-5-g4a78601 (webtiles) character file.

383 Zhenya25pyc the Shield-Bearer (level 6, 0/39 HPs)
             Began as a Gargoyle Fighter on May 14, 2016.
             Slain by an iguana (9 damage)
             ... on level 4 of the Dungeon.
             The game lasted 00:04:40 (2837 turns).

Zhenya25pyc the Shield-Bearer (Gargoyle Fighter)    Turns: 2837, Time: 00:04:40

Health: 0/39       AC: 11    Str: 21    XL:     6   Next: 76%
Magic:  6/6        EV:  7    Int:  9    God:
Gold:   284        SH: 10    Dex: 11    Spells: 0 memorised, 5 levels left

rFire  . . .     SeeInvis .     a - +0 flail
rCold  . . .     Gourm    .     b - +0 scale mail
rNeg   + . .     Faith    .     c - +0 shield
rPois  ∞         Spirit   .     (no helmet)
rElec  +         Dismiss  .     (no cloak)
rCorr  .         Reflect  .     (no gloves)
SustAt .         Harm     .     (no boots)
MR     .....                    r - amulet of inaccuracy (curse)
Stlth  ..........               (no ring)
                                k - +2 ring of dexterity

@: not resistant to hostile enchantments, extremely unstealthy
A: negative energy resistance 1, electricity resistance, unbreathing,
petrification resistance, rot immunity, AC +4
a: no special abilities


You were on level 4 of the Dungeon.
You were very hungry.

You visited 1 branch of the dungeon, and saw 4 of its levels.

You collected 284 gold pieces.

Inventory:

Hand Weapons
 a - a +0 flail (weapon)
Armour
 b - a +0 scale mail (worn)
 c - a +0 shield (worn)
Jewellery
 k - a +2 ring of dexterity (left hand)
 r - a cursed amulet of inaccuracy (around neck)
Scrolls
 g - 3 scrolls of identify {unknown}
 h - 3 scrolls of remove curse {unknown}
 i - a scroll of fog {unknown}
 j - 2 scrolls of noise {unknown}
 o - 2 scrolls of recharging {unknown}
Potions
 d - a potion of might
 e - 2 potions of curing {unknown}
 m - 3 potions of heal wounds {unknown}
 n - a potion of flight {unknown}
 q - a potion of degeneration {unknown}
Comestibles
 f - 2 bread rations
 l - 2 meat rations


   Skills:
 + Level 4.6 Fighting
 * Level 4.4 Maces & Flails
 + Level 4.6 Armour
 + Level 4.7 Shields


You had 5 spell levels left.
You didn't know any spells.

Dungeon Overview and Level Annotations

Branches:
Dungeon (4/15)
 Temple: D:4-7

Altars:


Innate Abilities, Weirdness & Mutations

You are resistant to torment.
Your stone body is resilient (AC +4).
You are immune to poison.
You resist negative energy.
You are resistant to electric shocks.
You can survive without breathing.
You are immune to petrification.
You are immune to rotting.


Message History

You are too injured to fight recklessly!
You are too injured to fight recklessly!
You are too injured to fight recklessly!
You are too injured to fight recklessly!
You are too injured to fight recklessly!
You are too injured to fight recklessly!
You are too injured to fight recklessly!
You are too injured to fight recklessly!
You are too injured to fight recklessly!
You are too injured to fight recklessly!
You barely miss the iguana.
The iguana is heavily wounded.
The iguana barely misses you.
You closely miss the iguana.
The iguana is heavily wounded.
You block the iguana's attack.
You hit the iguana.
The iguana is severely wounded.
The iguana bites you!
You die...

### #.# #.# ##
#.########### #.
##.##.......## ### #.
##.....###...##
#####.####. #.....##
##..@######..........
#.....#
##..l...............
##.....#
##.................
###.....##
##................
##......#
#................
....#####
#...#########....
...## #..## #....
(..# #..## #.... ...#
#...# ##...


You could see an iguana.

Vanquished Creatures
  An ogre (D:4)
  A giant frog (D:4)
  Jessica (D:3)
  Natasha (D:3)
  2 worker ants (D:4)
  7 adders
  2 adder skeletons (D:4)
  2 worms
  4 dart slugs
  2 giant geckos
  6 bats
  5 giant cockroaches
  A goblin (D:3)
  7 hobgoblins
  3 jackals (D:1)
  13 kobolds
  A quokka (D:2)
  A ball python (D:3)
  3 giant newts
  4 rats
67 creatures vanquished.

Notes
Turn   | Place    | Note
--------------------------------------------------------------
     0 | D:1      | Zhenya25pyc the Gargoyle Fighter began the quest for the Orb.
     0 | D:1      | Reached XP level 1. HP: 14/14 MP: 1/1
    67 | D:1      | Reached XP level 2. HP: 18/19 MP: 2/2
   223 | D:1      | Reached XP level 3. HP: 23/23 MP: 3/3
   919 | D:3      | Reached XP level 4. HP: 25/29 MP: 4/4
  1497 | D:3      | Noticed Jessica
  1506 | D:3      | Killed Jessica
  1506 | D:3      | Reached XP level 5. HP: 28/33 MP: 5/5
  1552 | D:3      | Noticed Natasha
  1558 | D:3      | Killed Natasha
  1857 | D:4      | Reached XP level 6. HP: 27/38 MP: 6/6
  2837 | D:4      | Slain by an iguana

Skill      XL: |  1  2  3  4  5 |
---------------+----------------+-----
Shields        | 4 |  4.7
Maces & Flails | 3 4 |  4.4
Fighting       | 4 |  4.6
Armour         | 4 |  4.6

Action                   |  1- 3 |  4- 6 || total
-------------------------+-------+-------++-------
Melee: Flail             |   106 |   260 ||   366
  Eat: Chunk             |       |     6 ||     6
Armor: Scale mail        |    55 |   136 ||   191
Dodge: Dodged            |    28 |    80 ||   108
Block: Shield            |    69 |   135 ||   204
